 Dungeon Crawl Stone Soup version 0.21.1-1-g345015fe64 (webtiles) character file.

294 Gargoyl the Skirmisher (level 6, 0/55 HPs)
             Began as a Centaur Abyssal Knight on Feb 23, 2018.
             Was a Believer of Lugonu.
             Slain by an orc priest (3 damage)
             ... on level 3 of the Dungeon on Feb 24, 2018.
             The game lasted 00:07:57 (3052 turns).

Gargoyl the Skirmisher (Centaur Abyssal Knight)     Turns: 3052, Time: 00:07:57

Health: 0/55       AC:  7    Str: 12 (15) XL:     6   Next: 11%
Magic:  8/8        EV:  3    Int:  8 (11) God:    Lugonu [**....]
Gold:   66         SH:  0    Dex:  8 (10) Spells: 5/5 levels left

rFire    . . .     SeeInvis .   a - +1 hand axe
rCold    . . .     Gourm    .   (no shield)
rNeg     . . .     Faith    .   p - +0 chain mail
rPois    .         Spirit   .   (no helmet)
rElec    .         Reflect  .   (no cloak)
rCorr    +         Harm     .   (no gloves)
MR       .....                  (no barding)
Stlth    ..........             (no amulet)
HPRegen  0.18/turn              i - ring of resist corrosion
MPRegen  0.11/turn              (no ring)

@: very quick
A: large, hooves 3, deformed body, speed 2, tough skin 3
a: Depart the Abyss, Bend Space, Renounce Religion


You were on level 3 of the Dungeon.
You worshipped Lugonu.
Lugonu was pleased with you.
You were very hungry.

You visited 1 branch of the dungeon, and saw 3 of its levels.
You visited the Abyss 1 time.

You collected 66 gold pieces.

Inventory:

Hand Weapons
 a - a +1 hand axe (weapon)
Armour
 g - a +0 ring mail
 p - a +0 chain mail (worn)
Jewellery
 i - a ring of resist corrosion (left hand)
Wands
 d - a wand of random effects (30)
Scrolls
 b - a scroll of amnesia {unknown}
 e - 3 scrolls of immolation {unknown}
 f - 2 scrolls of teleportation {unknown}
 j - 4 scrolls of identify {unknown}
 k - a scroll of blinking {unknown}
 m - a scroll of magic mapping {unknown}
 n - a scroll of enchant armour {unknown}
Comestibles
 c - 4 rations


   Skills:
 + Level 4.9 Fighting
 + Level 3.0 Axes
 * Level 2.4 Armour
 + Level 1.1 Dodging
 * Level 3.0 Invocations


You had 5 spell levels left.
You didn't know any spells.

Dungeon Overview and Level Annotations

Branches:
Dungeon (3/15)

Altars:
Gozag


Innate Abilities, Weirdness & Mutations

You have hooves in place of feet.
Armour fits poorly on your strangely shaped body.
You cover ground very quickly.
You have extremely tough skin. (AC +3)


Message History

You feel weakened.
You feel dopey.
You feel clumsy. The orc priest hits you.
* * * LOW HITPOINT WARNING * * *
It was a potion of curing.
You feel better.
The orc priest hits you but does no damage.
You hit the orc priest.
You kick the orc priest, but do no damage.
The orc priest is severely wounded.
The orc priest hits you but does no damage.
The orc priest hits you.
* * * LOW HITPOINT WARNING * * *
You hit the orc priest. Your kick misses the orc priest.
The orc priest is almost dead.
The orc priest invokes the aid of Beogh against you.
Beogh smites you!
* * * LOW HITPOINT WARNING * * *
You hit the orc priest but do no damage.
The orc priest is almost dead.
The orc priest hits you.
You die...

#.#.## #.#
#....# #.#
#....# #.#
#....# #.#
#....###.###
#...l.g..[)#
###.####.#l#
###.####[#o#
#..g..##.#@#
#.#.####.###
#..l..##.. #
###l#.#####
#.#$..o.#
#.###.###
#...o>.#
#...)..#
#$..)(†###


You could see an orc priest and a frilled lizard.

Vanquished Creatures
  A howler monkey (D:2)
  An orc priest (D:3)
  An adder (D:2)
  A worm (D:2)
  A dart slug (D:2)
  A leopard gecko (D:3)
  7 orcs (D:3)
  6 bats
  2 giant cockroaches (D:2)
  9 goblins
  7 hobgoblins
  6 kobolds
  A quokka (D:2)
  A ball python (D:2)
  10 frilled lizards
  5 rats
60 creatures vanquished.

Vanquished Creatures (collateral kills)
  A ynoxinul (Abyss:2)
  A neqoxec (Abyss:2)
2 creatures vanquished.

Vanquished Creatures (others)
  A starspawn tentacle (Abyss:2)
1 creature vanquished.

Grand Total: 63 creatures vanquished

Notes
Turn   | Place    | Note
-------+----------+-------------------------------------------
     0 | Abyss:1  | Gargoyl the Centaur Abyssal Knight began the quest for the Orb.
     0 | Abyss:1  | Reached XP level 1. HP: 19/19 MP: 2/2
    58 | Abyss:1  | Found a corrupted altar of Lugonu.
   156 | Abyss:1  | Noticed a flying skull
   158 | Abyss:1  | Noticed a wraith
   200 | Abyss:2  | Noticed a wretched star
   201 | Abyss:2  | Noticed a neqoxec
   201 | Abyss:2  | Noticed a raiju
   204 | Abyss:2  | Noticed a neqoxec
   204 | Abyss:2  | Noticed a large abomination
   206 | Abyss:2  | Noticed a ynoxinul
   209 | Abyss:2  | Killed a neqoxec
   209 | Abyss:2  | Reached skill level 4 in Fighting
   209 | Abyss:2  | Reached XP level 2. HP: 7/27 MP: 3/3
   209 | Abyss:2  | Reached XP level 3. HP: 8/33 MP: 4/4
   209 | Abyss:2  | Reached XP level 4. HP: 10/40 MP: 5/5
   217 | Abyss:2  | Killed a ynoxinul
   217 | Abyss:2  | Reached XP level 5. HP: 12/47 MP: 6/6
   218 | Abyss:2  | Noticed a large abomination
   220 | Abyss:2  | Noticed a red draconian
   221 | D:1      | Escaped the Abyss
  1000 | D:1      | Reached * piety under Lugonu
  2089 | D:2      | Reached skill level 1 in Dodging
  2554 | D:3      | Reached ** piety under Lugonu
  2641 | D:3      | Found an opulent altar of Gozag.
  2888 | D:3      | Reached XP level 6. HP: 41/55 MP: 8/8
  3052 | D:3      | Slain by an orc priest

Skill      XL: |  1  2  3  4  5  6 |
---------------+-------------------+-----
Fighting       | 4 |  4.9
Axes           | 2 3 |  3.0
Armour         | 2 |  2.4
Dodging        | 1 |  1.1
Invocations    | 3 |  3.0

Action                   |  1- 3 |  4- 6 || total
-------------------------+-------+-------++-------
Melee: Hand axe          |       |   175 ||   175
       Kick              |       |    37 ||    37
Invok: Depart the Abyss  |       |     1 ||     1
  Use: Scroll            |     3 |     1 ||     4
       Potion            |       |     2 ||     2
  Eat: Chunk             |       |     4 ||     4
Armor: Ring mail         |       |    71 ||    71
       Chain mail        |       |    28 ||    28
       Leather armour    |       |    16 ||    16
Dodge: Dodged            |     1 |    67 ||    68
